PAAA
JERSEY CITY TRITONS @ BAKERSFIELD NOBLES
09/03/2028
 
TOP OF THE 1ST
Jersey City Tritons batting - Pitching for Bakersfield Nobles : RHP Hiro Kurasawa
Pitching: RHP Hiro Kurasawa
Batting: RHB Vincent Vega 0-0: Foul Ball, location: 2F
0-1: Foul Ball, location: 2F
0-2: Ball
1-2: Foul Ball, location: 2F
1-2: Ball
2-2: Fly out, F8 (Flyball, 89M)
Batting: RHB Jorge Rodríguez 0-0: Called Strike
0-1: Ball
1-1: Called Strike
1-2: Foul Ball, location: 2F
1-2: Ball
2-2: Foul Ball, location: 2F
2-2: Fly out, F8 (Flyball, 8LM)
Batting: RHB Ethan Miller 0-0: Called Strike
0-1: Foul Ball, location: 2F
0-2: Ball
1-2: Ball
2-2: Ball
3-2: Base on Balls
Batting: SHB Ludovic Michel 0-0: Ball
1-0: Ball
2-0: Ball
3-0: Foul Ball, location: 2F
3-1: Base on Balls
Ethan Miller to second
Batting: RHB Mike Greene 0-0: Fielders Choice at 2nd, 4-6 (Groundball, 34)
Top of the 1st over - 0 run(s), 0 hit(s), 0 error(s), 1 left on base; Jersey City 0 - Bakersfield 0
BOTTOM OF THE 1ST
Bakersfield Nobles batting - Pitching for Jersey City Tritons : LHP Francisco Chávez
Pitching: LHP Francisco Chávez
Batting: RHB Eddie O'Bryan 0-0: Ball
1-0: Ball
2-0: Called Strike
2-1: Foul Ball, location: 2F
2-2: Ball
3-2: Base on Balls
Batting: RHB Vincente Flores 0-0: Ball
1-0: Ball
2-0: Ball
3-0: Base on Balls
Eddie O'Bryan to second
Batting: RHB Bastiaan Trommel 0-0: Swinging Strike
0-1: Called Strike
0-2: Strikes out looking
Batting: RHB Juan Tapia 0-0: Called Strike
0-1: Ball
1-1: DOUBLE (Flyball, 78M)
Eddie O'Bryan scores
Vincente Flores to third
Batting: RHB Alfredo García 0-0: Foul Ball, location: 2F
0-1: Called Strike
0-2: Strikes out swinging
Batting: SHB Jorge Velázquez 0-0: Ball
1-0: Called Strike
1-1: Fly out, F5 (Line Drive, 5L)
Bottom of the 1st over - 1 run(s), 1 hit(s), 0 error(s), 2 left on base; Jersey City 0 - Bakersfield 1
TOP OF THE 2ND
Jersey City Tritons batting - Pitching for Bakersfield Nobles : RHP Hiro Kurasawa
Batting: RHB Mike Strickland 0-0: Ball
1-0: Ball
2-0: SINGLE (Line Drive, 6MD)
Batting: LHB Gerald Kaufman 0-0: Called Strike
0-1: Ball
1-1: Called Strike
1-2: Ball
2-2: Ball
3-2: Base on Balls
Mike Strickland to second
Batting: RHB Miguel Cruz 0-0: Ball
1-0: Called Strike
1-1: Ball
2-1: Foul Ball, location: 2F
2-2: Ball
3-2: Fly out, F7 (Line Drive, 7LM)
Batting: RHB Rudko Hrnjak 0-0: Ball
1-0: Fielders Choice at 2nd, 5-4 (Groundball, 56)
Mike Strickland to third
Batting: RHB Vincent Vega 0-0: Ball
1-0: Ball
2-0: Ball
3-0: Called Strike
3-1: Base on Balls
Rudko Hrnjak to second
Batting: RHB Jorge Rodríguez 0-0: GRAND SLAM HOME RUN (Flyball, 7D), Distance : 369 ft
Batting: RHB Ethan Miller 0-0: Ball
1-0: Foul Ball, location: 2F
1-1: Ball
2-1: Foul Ball, location: 2F
2-2: Fly out, F7 (Flyball, 78S)
Top of the 2nd over - 4 run(s), 2 hit(s), 0 error(s), 0 left on base; Jersey City 4 - Bakersfield 1
BOTTOM OF THE 2ND
Bakersfield Nobles batting - Pitching for Jersey City Tritons : LHP Francisco Chávez
Batting: RHB António Ramírez 0-0: Foul Ball, location: 2F
0-1: Called Strike
0-2: Ball
1-2: Ball
2-2: Ground out 6-3 (Groundball, 6)
Batting: SHB León Estrada 0-0: Ball
1-0: DOUBLE (Groundball, 5L)
Batting: RHB Abílio Conceio 0-0: Fly out, F4 (Popup, 34)
Batting: RHB Eddie O'Bryan 0-0: Ball
1-0: Ball
2-0: Foul Ball, location: 2F
2-1: Foul Ball, location: 2F
2-2: Ball
3-2: Foul Ball, location: 2F
3-2: SINGLE (Groundball, 4D)
León Estrada to third
León Estrada scores
Batting: RHB Vincente Flores 0-0: Ball
1-0: Ball
2-0: Ball
3-0: Called Strike
3-1: Base on Balls
Eddie O'Bryan to second
Batting: RHB Bastiaan Trommel 0-0: Called Strike
0-1: Ball
1-1: Ball
2-1: Fly out, F9 (Line Drive, 9S)
Bottom of the 2nd over - 1 run(s), 2 hit(s), 0 error(s), 2 left on base; Jersey City 4 - Bakersfield 2
TOP OF THE 3RD
Jersey City Tritons batting - Pitching for Bakersfield Nobles : RHP Hiro Kurasawa
Batting: SHB Ludovic Michel 0-0: Ball
1-0: Foul Ball, location: 2F
1-1: Ball
2-1: Ground out 6-3 (Groundball, 6)
Batting: RHB Mike Greene 0-0: Called Strike
0-1: Swinging Strike
0-2: Foul Ball, location: 2F
0-2: Strikes out swinging, 2-3 out at first.
Batting: RHB Mike Strickland 0-0: Called Strike
0-1: Ball
1-1: Called Strike
1-2: Ball
2-2: Fly out, F9 (Line Drive, 9)
Top of the 3rd over - 0 run(s), 0 hit(s), 0 error(s), 0 left on base; Jersey City 4 - Bakersfield 2
BOTTOM OF THE 3RD
Bakersfield Nobles batting - Pitching for Jersey City Tritons : LHP Francisco Chávez
Batting: RHB Juan Tapia 0-0: Called Strike
0-1: Ball
1-1: DOUBLE (Flyball, 9LM)
Batting: RHB Alfredo García 0-0: Called Strike
0-1: Ball
1-1: Ball
2-1: Foul Ball, location: 2F
2-2: Foul Ball, location: 2F
2-2: Ball
3-2: Ground out 5-3 (Groundball, 56)
Batting: SHB Jorge Velázquez 0-0: Swinging Strike
0-1: Foul Ball, location: 2F
0-2: Ball
1-2: Foul Ball, location: 2F
1-2: Strikes out swinging
Batting: RHB António Ramírez 0-0: Called Strike
0-1: Ball
1-1: Fly out, F8 (Flyball, 89D)
Bottom of the 3rd over - 0 run(s), 1 hit(s), 0 error(s), 1 left on base; Jersey City 4 - Bakersfield 2
TOP OF THE 4TH
Jersey City Tritons batting - Pitching for Bakersfield Nobles : RHP Hiro Kurasawa
Batting: LHB Gerald Kaufman 0-0: Ball
1-0: Ball
2-0: Ball
3-0: Base on Balls
Batting: RHB Miguel Cruz 0-0: Foul Ball, location: 2F
0-1: Ball
1-1: Called Strike
1-2: Ball
2-2: Grounds into double play, 5-4-3 (Groundball, 5)
Batting: RHB Rudko Hrnjak 0-0: Ball
1-0: Foul Ball, location: 2F
1-1: Ball
2-1: Called Strike
2-2: Foul Ball, location: 2F
2-2: Fly out, F8 (Flyball, 8LXD)
Top of the 4th over - 0 run(s), 0 hit(s), 0 error(s), 0 left on base; Jersey City 4 - Bakersfield 2
BOTTOM OF THE 4TH
Bakersfield Nobles batting - Pitching for Jersey City Tritons : LHP Francisco Chávez
Batting: SHB León Estrada 0-0: Ball
1-0: Ball
2-0: Called Strike
2-1: Foul Ball, location: 2F
2-2: Ground out 4-3 (Groundball, 4M)
Batting: RHB Abílio Conceio 0-0: Ball
1-0: Foul Ball, location: 2F
1-1: Ball
2-1: Foul Ball, location: 2F
2-2: Ball
3-2: Foul Ball, location: 2F
3-2: Base on Balls
Batting: RHB Eddie O'Bryan 0-0: Swinging Strike
0-1: Swinging Strike
0-2: Ball
1-2: Strikes out swinging
Batting: RHB Vincente Flores 0-0: Called Strike
0-1: Ball
1-1: Swinging Strike
1-2: Fly out, F8 (Flyball, 8RXD)
Bottom of the 4th over - 0 run(s), 0 hit(s), 0 error(s), 1 left on base; Jersey City 4 - Bakersfield 2
TOP OF THE 5TH
Jersey City Tritons batting - Pitching for Bakersfield Nobles : RHP Hiro Kurasawa
Batting: RHB Vincent Vega 0-0: Called Strike
0-1: Ball
1-1: Fly out, F7 (Flyball, 7S)
Batting: RHB Jorge Rodríguez 0-0: Called Strike
0-1: Called Strike
0-2: Strikes out swinging
Batting: RHB Ethan Miller 0-0: Ball
1-0: Fly out, F9 (Flyball, 9)
Top of the 5th over - 0 run(s), 0 hit(s), 0 error(s), 0 left on base; Jersey City 4 - Bakersfield 2
BOTTOM OF THE 5TH
Bakersfield Nobles batting - Pitching for Jersey City Tritons : LHP Francisco Chávez
Batting: RHB Bastiaan Trommel 0-0: Ball
1-0: Ball
2-0: Ball
3-0: Base on Balls
Batting: RHB Juan Tapia 0-0: Called Strike
0-1: Ball
1-1: Swinging Strike
1-2: Fly out, F8 (Line Drive, 8LD)
Batting: RHB Alfredo García 0-0: Ball
1-0: Ball
2-0: Ball
3-0: Called Strike
3-1: Base on Balls
Bastiaan Trommel to second
Pitching: LHP Carlos Medina
Batting: SHB Jorge Velázquez 0-0: Ball
1-0: Ground out 4-3 (Groundball, 4MD)
Bastiaan Trommel to third
Alfredo García to second
Batting: RHB António Ramírez 0-0: Called Strike
0-1: Foul Ball, location: 2F
0-2: Fly out, F8 (Flyball, 8LXD)
Bottom of the 5th over - 0 run(s), 0 hit(s), 0 error(s), 2 left on base; Jersey City 4 - Bakersfield 2
TOP OF THE 6TH
Jersey City Tritons batting - Pitching for Bakersfield Nobles : RHP Hiro Kurasawa
Batting: SHB Ludovic Michel 0-0: Ball
1-0: Foul Ball, location: 2F
1-1: Swinging Strike
1-2: Ball
2-2: DOUBLE (Line Drive, 7LM)
Batting: RHB Mike Greene 0-0: Called Strike
0-1: Ground out 6-3 (Groundball, 6)
Batting: RHB Mike Strickland 0-0: Called Strike
0-1: Ball
1-1: Swinging Strike
1-2: Ball
2-2: Strikes out swinging
Batting: LHB Gerald Kaufman 0-0: Called Strike
0-1: Ball
1-1: Ball
2-1: Ball
3-1: Base on Balls
Batting: RHB Miguel Cruz 0-0: Ball
1-0: Ball
2-0: Ball
3-0: Called Strike
3-1: DOUBLE (Flyball, 89M)
Ludovic Michel scores
Gerald Kaufman to third
Runner from 3rd tries for Home, SAFE, no throw
Pitching: RHP Rick Converse
Batting: RHB Rudko Hrnjak 0-0: Ball
1-0: SINGLE (Groundball, 6MD)
Miguel Cruz to third
Runner from 3rd tries for Home, SAFE, no throw
Batting: RHB Vincent Vega 0-0: Called Strike
Rudko Hrnjak steals 2nd base
0-1: SINGLE (Groundball, 4MD)
Rudko Hrnjak to third
Runner from 3rd tries for Home, SAFE, no throw
Batting: RHB Jorge Rodríguez 0-0: Foul Ball, location: 2F
0-1: Ball
1-1: Called Strike
1-2: Ball
2-2: Ball
3-2: Ground out 6-3 (Groundball, 6)
Top of the 6th over - 4 run(s), 4 hit(s), 0 error(s), 1 left on base; Jersey City 8 - Bakersfield 2
BOTTOM OF THE 6TH
Bakersfield Nobles batting - Pitching for Jersey City Tritons : LHP Carlos Medina
Batting: SHB León Estrada 0-0: Ball
1-0: Called Strike
1-1: Ground out 6-3 (Groundball, 6)
Batting: RHB Abílio Conceio 0-0: Fly out, F6 (Line Drive, 56D)
Batting: RHB Eddie O'Bryan 0-0: Called Strike
0-1: Foul Ball, location: 2F
0-2: Ball
1-2: Strikes out swinging
Bottom of the 6th over - 0 run(s), 0 hit(s), 0 error(s), 0 left on base; Jersey City 8 - Bakersfield 2
TOP OF THE 7TH
Jersey City Tritons batting - Pitching for Bakersfield Nobles : RHP Rick Converse
Batting: RHB Ethan Miller 0-0: Ball
1-0: Foul Ball, location: 2F
1-1: Ball
2-1: SOLO HOME RUN (Flyball, 8LXD), Distance : 435 ft
Batting: SHB Ludovic Michel 0-0: Ball
1-0: Ball
2-0: Ball
3-0: Base on Balls
Batting: RHB Mike Greene 0-0: Ball
1-0: Swinging Strike
1-1: Called Strike
1-2: Strikes out swinging
Batting: RHB Mike Strickland 0-0: Called Strike
0-1: Ball
1-1: Ball
2-1: Swinging Strike
2-2: Foul Ball, location: 2F
2-2: Ball
3-2: Strikes out swinging
Batting: LHB Gerald Kaufman 0-0: Fielders Choice at 2nd, 4-6 (Groundball, 4)
Top of the 7th over - 1 run(s), 1 hit(s), 0 error(s), 0 left on base; Jersey City 9 - Bakersfield 2
BOTTOM OF THE 7TH
Bakersfield Nobles batting - Pitching for Jersey City Tritons : LHP Carlos Medina
Batting: RHB Vincente Flores 0-0: Ball
1-0: Called Strike
1-1: Ground out 6-3 (Groundball, 6S)
Batting: RHB Bastiaan Trommel 0-0: Ball
1-0: Ball
2-0: Ball
3-0: Called Strike
3-1: Swinging Strike
3-2: Base on Balls
Batting: RHB Juan Tapia 0-0: Grounds into double play, 5-4-3 (Groundball, 56)
Bottom of the 7th over - 0 run(s), 0 hit(s), 0 error(s), 0 left on base; Jersey City 9 - Bakersfield 2
TOP OF THE 8TH
Jersey City Tritons batting - Pitching for Bakersfield Nobles : RHP Rick Converse
Batting: RHB Miguel Cruz 0-0: Foul Ball, location: 2F
0-1: Ball
1-1: Ball
2-1: Foul Ball, location: 2F
2-2: Ball
3-2: Base on Balls
Batting: RHB Rudko Hrnjak 0-0: Swinging Strike
0-1: Foul Ball, location: 2F
0-2: Foul Ball, location: 2F
0-2: Ball
1-2: Ball
2-2: Fly out, F8 (Flyball, 8RD)
Batting: RHB Vincent Vega 0-0: SINGLE (Groundball, 34D)
Miguel Cruz to second
Runner from 2nd tries for 3rd, OUT!
Vincent Vega to second
Batting: RHB Jorge Rodríguez 0-0: Ball
1-0: Ball
2-0: Ball
3-0: Base on Balls
Batting: RHB Ethan Miller 0-0: Ball
1-0: Ball
2-0: Fly out, F5 (Line Drive, 5)
Top of the 8th over - 0 run(s), 1 hit(s), 0 error(s), 2 left on base; Jersey City 9 - Bakersfield 2
BOTTOM OF THE 8TH
Bakersfield Nobles batting - Pitching for Jersey City Tritons : LHP Carlos Medina
Now at 2B: Gabriel Guerrero
Batting: RHB Alfredo García 0-0: Ball
1-0: Ball
2-0: Foul Ball, location: 2F
2-1: Ball
3-1: Foul Ball, location: 2F
3-2: Base on Balls
Pitching: RHP Brantford Winstworth III
Batting: SHB Jorge Velázquez 0-0: Ball
1-0: Called Strike
1-1: Ball
2-1: Foul Ball, location: 2F
2-2: Ball
3-2: Base on Balls
Alfredo García to second
Batting: RHB António Ramírez 0-0: Swinging Strike
0-1: SINGLE (Groundball, 15S) (infield hit)
Alfredo García to third
Jorge Velázquez to second
Batting: SHB León Estrada 0-0: SINGLE (Groundball, 6MD)
Alfredo García scores
Jorge Velázquez to third
António Ramírez to second
Batting: RHB Abílio Conceio 0-0: Called Strike
0-1: Ball
1-1: Swinging Strike
1-2: Ball
2-2: Foul Ball, location: 2F
2-2: Strikes out swinging
Batting: RHB Eddie O'Bryan 0-0: Called Strike
0-1: Foul Ball, location: 2F
0-2: Ball
1-2: Reached on error, E5 (Groundball, 56)
Jorge Velázquez scores
António Ramírez to third
León Estrada to second
Pitching: RHP António Rúbio
Batting: RHB Vincente Flores 0-0: Ball
1-0: Ball
2-0: Foul Ball, location: 2F
2-1: Swinging Strike
2-2: Ground out 5-3 (Groundball, 56S)
António Ramírez scores
León Estrada to third
Eddie O'Bryan to second
Batting: RHB Bastiaan Trommel 0-0: Called Strike
0-1: Foul Ball, location: 2F
0-2: Strikes out swinging
Bottom of the 8th over - 3 run(s), 2 hit(s), 1 error(s), 2 left on base; Jersey City 9 - Bakersfield 5
TOP OF THE 9TH
Jersey City Tritons batting - Pitching for Bakersfield Nobles : RHP Rick Converse
Batting: SHB Ludovic Michel 0-0: Ball
1-0: Ball
2-0: Ball
3-0: Base on Balls
Pitching: RHP Greg Davis
Batting: RHB Mike Greene 0-0: Ball
1-0: Foul Ball, location: 2F
1-1: 2-RUN HOME RUN (Flyball, 78XD), Distance : 424 ft
Batting: RHB Mike Strickland 0-0: Called Strike
0-1: Ball
1-1: Foul Ball, location: 2F
1-2: Ground out 4-3 (Groundball, 4)
Batting: LHB Gerald Kaufman 0-0: Ball
1-0: Called Strike
1-1: Fly out, F6 (Popup, 6D)
Batting: RHB Miguel Cruz 0-0: SINGLE (Groundball, 6MD)
Batting: RHB Rudko Hrnjak 0-0: Called Strike
Miguel Cruz is caught stealing 2nd base
Top of the 9th over - 2 run(s), 2 hit(s), 0 error(s), 0 left on base; Jersey City 11 - Bakersfield 5
BOTTOM OF THE 9TH
Bakersfield Nobles batting - Pitching for Jersey City Tritons : RHP António Rúbio
Now at 3B: Vince Barrowcliff
Now in LF: Wayne Akers
Batting: RHB Juan Tapia 0-0: Fly out, F9 (Flyball, 9LS)
Batting: RHB Alfredo García 0-0: Ball
1-0: Ball
2-0: Called Strike
2-1: Foul Ball, location: 2F
2-2: Strikes out swinging
Batting: SHB Jorge Velázquez 0-0: Called Strike
0-1: Called Strike
0-2: Strikes out swinging
Bottom of the 9th over - 0 run(s), 0 hit(s), 0 error(s), 0 left on base; Jersey City 11 - Bakersfield 5
Thursday, August 31st, 2017 - OOTP Baseball 17.12 Build 75